cohdb
Replays
Latest Replays
All Replays
Popular Replays
Top Player Replays
Match Explorer
How It Works
Community
CoH3 Stats
Reddit
Sign in to upload your games and track your stats! →
Sign in with Steam
Match 41699182
Unlisted
Match 41699182
Overview
Messages
Build Orders
End
Selects Armored Battlegroup
Selects Assault Engineers
Assault Engineer Squad
Construct Weapon Support Center
Assault Engineer Squad
M1919 Machine Gun Team
Bazooka Squad
Air Support Center
Assault Engineer Squad
M3 Armored Personnel Carrier
Scout Squad
Construct Medical Station
Grasshopper Recon Run
Construct Motor Pool
P-47 Strafing Run
P-47 Dive Bomb
Selects Fast Deploy
Selects M8 Scott SPG
M8 Scott SPG
M1919 Machine Gun Team
Assault Engineer Squad
Grasshopper Recon Run
P-47 Strafing Run
Bazooka Squad
Grasshopper Recon Run
Construct Tank Depot
M1919 Machine Gun Team
Grasshopper Recon Run
P-47 Dive Bomb
M4A1 Sherman Medium Tank
Grasshopper Recon Run
Selects UNKNOWN (2160077)
M4A3E8 Sherman Easy Eight
Grasshopper Recon Run
P-47 Dive Bomb
P-47 Strafing Run
Selects Field Repairs
Selects War Machine
Grasshopper Recon Run
P-47 Strafing Run
M4A3E8 Sherman Easy Eight
Improved M9 Bazooka Rockets
Grasshopper Recon Run
P-47 Strafing Run
P-47 Strafing Run
Grasshopper Recon Run
P-47 Dive Bomb
P-47 Dive Bomb
BigTiddyLebron
kreumat
Izrael Izraelevič Pliner
GEORGE LITTLEHOOF
0
0
Comments
sign in to comment!
No comments posted yet!